 Dungeon Crawl Stone Soup version 0.14-a0-2789-gc18c9f8 (webtiles) character file.

285 deb the Cudgeler (level 5, -1/45 HPs)
             Began as a Hill Orc Fighter on Feb 24, 2014.
             Killed by nerve-wracking pain
             ... invoked by RIDDIMRIDER's ghost
              (5 damage)
             ... on Level 6 of the Dungeon.
             The game lasted 00:11:14 (2823 turns).

deb the Cudgeler (Hill Orc Fighter)                 Turns: 2823, Time: 00:11:14

HP  -1/45        AC  6     Str 20      XL: 5   Next: 55%
MP   5/5         EV  6     Int  8      God:
Gold 110         SH 19     Dex 10      Spells:  0 memorised,  4 levels left

rFire  . . .     SeeInvis .     v - -2,+1 orc mace (curse)
rCold  . . .     Clarity  .     b - -1 orc scale mail
rNeg   . . .     Conserve .     c - +0 orc shield
rPois  .         rCorr    .     (no helmet)
rElec  .         rRot     .     (no cloak)
SustAb . .       Spirit   .     (no gloves)
rMut   .         Warding  .     (no boots)
Saprov + . .     Stasis   .     (no amulet)
MR     .....                    (no ring)
                                (no ring)

@: not resistant to hostile enchantments, extremely unstealthy
A: saprovore 1
a: no special abilities


You were on level 6 of the Dungeon.
You were not hungry.

You visited 1 branch of the dungeon, and saw 5 of its levels.

You collected 110 gold pieces.

Inventory:

Hand weapons
 g - a +0,+0 flail
 h - a +0,+0 whip
 j - a +0,+0 whip
 u - a +0,+1 orcish mace
 v - a cursed -2,+1 orcish mace (weapon)
 y - a +2,+1 dwarven crossbow of evasion
Armour
 b - a -1 orcish scale mail (worn)
 c - a +0 orcish shield (worn)
 e - a +1 dwarven scale mail
 k - a +0 chain mail
 o - a +0 robe
Comestibles
 a - a bread ration
 d - 2 meat rations
 m - a chunk of jackal flesh
 w - a choko
Scrolls
 l - a scroll of fog
 p - a scroll of immolation
 x - 3 scrolls of identify
Jewellery
 f - an uncursed ring of magical power
Potions
 r - a potion of might {unknown}
 t - a potion of curing {unknown}


   Skills:
 - Level 3.6 Fighting
 * Level 5.9 Maces & Flails
 - Level 3.2 Armour
 + Level 0.8 Stealth
 - Level 3.2 Shields


You had 4 spell levels left.
You didn't know any spells.

Dungeon Overview and Level Annotations

Branches:
Dungeon (6/16)
 Temple: D:4-7

Altars:
Makhleb
Sif Muna

Annotations:
D:6 RIDDIMRIDER's ghost, experienced TrMo


Innate Abilities, Weirdness & Mutations

You can tolerate rotten meat.


Message History

The jelly hits you.
You are splashed with acid!
The acid corrodes your +0 orcish scale mail!
The acid burns!
You block the quokka's attack. RIDDIMRIDER's ghost hits you!
You miss RIDDIMRIDER's ghost. The jelly hits you but does no damage.
The quokka bites you. You block RIDDIMRIDER's ghost's attack.
You miss RIDDIMRIDER's ghost. The jelly hits you but does no damage.
The quokka bites you. You block RIDDIMRIDER's ghost's attack.
The jelly hits you but does no damage.
Things that are here:
an orcish hand axe; an orc corpse You miss RIDDIMRIDER's ghost.
The quokka bites you.
* * * LOW HITPOINT WARNING * * *
RIDDIMRIDER's ghost hits you!
* * * LOW HITPOINT WARNING * * *
The jelly hits you but does no damage. The quokka barely misses you.
You miss RIDDIMRIDER's ghost.
RIDDIMRIDER's ghost wails.
RIDDIMRIDER's ghost gestures at you while chanting.
Pain shoots through your body!
You die...

..(.. ...........
.............
...............
.................
.................
.................
...................
.........r@........
.........Jp(.......
.................
.................
.................
......%........
.............
........... #####


You could see a jelly, RIDDIMRIDER's ghost and a quokka.

Vanquished Creatures
  An iguana (D:4)
  A worker ant (D:4)
  4 gnolls (D:3)
  An inept feature mimic (D:2)
  3 worms (D:3)
  7 orcs
  5 bats
  A giant cockroach (D:3)
  3 goblins
  10 hobgoblins
  An ooze (D:4)
  A quokka (D:2)
  2 giant geckos
  5 giant newts
  6 jackals
  6 kobolds
  10 rats
67 creatures vanquished.

Notes
Turn   | Place    | Note
--------------------------------------------------------------
     0 | D:1      | deb, the Hill Orc Fighter, began the quest for the Orb.
     0 | D:1      | Reached XP level 1. HP: 19/19 MP: 1/1
   148 | D:1      | Reached XP level 2. HP: 21/26 MP: 2/2
   695 | D:2      | Reached XP level 3. HP: 27/31 MP: 3/3
   979 | D:2      | Reached skill level 4 in Maces & Flails
  1648 | D:3      | Found a burning altar of Makhleb.
  1706 | D:3      | Found a deep blue altar of Sif Muna.
  1778 | D:3      | Reached XP level 4. HP: 33/39 MP: 4/4
  1802 | D:3      | Reached skill level 5 in Maces & Flails
  2224 | D:3      | Reached XP level 5. HP: 36/45 MP: 5/5
  2809 | D:4      | You fall through a shaft for 2 floors!
  2809 | D:6      | Noticed RIDDIMRIDER's ghost (experienced TrMo)
  2823 | D:6      | Killed from afar by RIDDIMRIDER's ghost

Action                   |  1- 3 |  4- 6 || total
-------------------------+-------+-------++-------
Melee: Mace              |   121 |   123 ||   244
  Use: Scroll            |     9 |       ||     9
       Potion            |       |     1 ||     1
